Map: Dusk Towers

Players

Fusion

  • Race: Protoss Protoss
  • League: Master

xKawaiian - Winner!

  • Race: Terran Terran
  • League: Master

VOD

Have the link to the VOD?

Description

Just a Ladder game

Time

  • Played on: Nov. 16, 2015, 5:19 p.m.
  • Length: 15:53
Show
View Real Time Build Order
Export as new Build Order

Fusion Protoss 

Build Orders: Nexus First 

Get SALT Encoding   

  12  0:01  Probe (Chrono Boost)  
  13  0:11  Probe (Chrono Boost)  
  14  0:17  Pylon  
  14  0:22  Probe (Chrono Boost)  
  16  0:35  Probe (Chrono Boost)  
  16  0:46  Probe (Chrono Boost)  
  17  0:56  Probe (Chrono Boost)  
  18  1:00  Nexus  
  18  1:10  Gateway  
  18  1:13  Probe (Chrono Boost)  
  19  1:20  Assimilator  
  19  1:24  Probe (Chrono Boost)  
  20  1:26  Assimilator  
  20  1:35  Probe (Chrono Boost)  
  20  1:38  Gateway  
  21  1:45  Probe (Chrono Boost)  
  22  1:50  Pylon  
  22  1:59  Cybernetics Core  
  22  2:02  Probe (Chrono Boost)  
  23  2:13  Probe (Chrono Boost)  
  23  2:14  Probe (Chrono Boost)  
  24  2:24  Probe (Chrono Boost), Pylon  
  24  2:26  Zealot (Chrono Boost)  
  24  2:28  Probe  
  28  2:35  Adept (Chrono Boost)  
  30  2:38  Warp Gate  
  30  2:40  Probe  
  30  2:44  Probe  
  32  2:53  Probe  
  32  2:56  Probe (Chrono Boost)  
  33  3:00  Stalker (Chrono Boost)  
  33  3:04  Probe (Chrono Boost)  
  36  3:08  Probe (Chrono Boost)  
  37  3:15  Probe (Chrono Boost)  
  37  3:19  Probe (Chrono Boost)  
  39  3:27  Probe (Chrono Boost)  
  40  3:31  Robotics Facility  
  40  3:32  Probe (Chrono Boost)  
  41  3:37  Twilight Council, Probe (Chrono Boost)  
  42  3:43  Probe (Chrono Boost)  
  42  3:48  Probe (Chrono Boost)  
  44  3:53  Mothership Core (Chrono Boost)  
  46  3:56  Pylon  
  46  3:58  Probe (Chrono Boost)  
  46  4:00  Blink  
  47  4:09  Probe (Chrono Boost)  
  48  4:12  Probe (Chrono Boost)  
  48  4:14  Nexus  
  48  4:15  Pylon  
  47  4:19  Probe (Chrono Boost)  
  47  4:20  Observer (Chrono Boost)  
  50  4:24  Probe  
  50  4:31  Assimilator  
  50  4:33  Assimilator  
  50  4:35  Probe  
  51  4:43  Observer (Chrono Boost)  
  51  4:45  Probe  
  53  4:47  Probe  
  53  4:48  Forge  
  54  4:55  Gateway  
  54  4:56  Sentry x2  
  54  4:57  Probe, Gateway  
  54  4:59  Gateway, Probe  
  60  5:04  Observer (Chrono Boost)  
  60  5:05  Pylon  
  61  5:09  Probe  
  61  5:11  Probe  
  61  5:13  Pylon  
  63  5:16  Pylon  
  63  5:17  Protoss Ground Armor Level 1 (Chrono Boost)  
  63  5:18  Pylon  
  63  5:21  Probe  
  63  5:27  Probe  
  63  5:28  Immortal  
  68  5:29  Probe  
  68  5:33  Probe  
  71  5:39  Stalker x2, Probe  
  76  5:47  Probe  
  76  5:48  Probe  
  78  5:54  Gateway  
  78  5:55  Gateway  
  78  5:58  Probe  
  78  5:59  Probe, Gateway  
  78  6:02  Stalker  
  82  6:04  Stalker  
  82  6:09  Warp Prism (Chrono Boost)  
  86  6:14  Probe  
  86  6:16  Stalker  
  86  6:17  Stalker  
  91  6:24  Pylon  
  91  6:26  Assimilator  
  91  6:30  Stalker x3  
  91  6:32  Assimilator  
  97  6:41  Probe x2  
  99  6:49  Stalker x2  
  99  6:52  Probe  
  99  6:53  Probe  
  105  7:00  Pylon  
  105  7:03  Pylon  
  105  7:05  Immortal (Chrono Boost)  
  109  7:13  Robotics Bay  
  109  7:14  Protoss Ground Armor Level 2  
  107  7:21  Probe  
  107  7:22  Probe  
  109  7:26  Photon Cannon  
  109  7:28  Adept x3  
  109  7:29  Stalker x3  
  121  7:37  Pylon  
  121  7:39  Pylon  
  121  7:46  Gateway  
  121  7:47  Gateway  
  121  7:48  Pylon  
  121  7:50  Adept x2  
  121  7:51  Adept x2  
  129  7:55  Photon Cannon  
  129  7:58  Photon Cannon  
  129  8:00  Disruptor (Chrono Boost)  
  129  8:02  Forge  
  132  8:06  Pylon  
  132  8:14  Resonating Glaives  
  132  8:19  Pylon  
  132  8:21  Pylon  
  132  8:25  Templar Archives  
  132  8:30  Stalker x6  
  144  8:35  Disruptor (Chrono Boost)  
  146  8:51  Adept x4  
  154  9:04  Adept x4  
  154  9:05  Adept x2  
  152  9:15  Adept x4  
  151  9:23  Probe  
  146  9:24  Probe x2  
  138  9:33  Probe  
  138  9:36  Probe  
  138  9:37  Probe  
  136  9:44  Probe  
  133  9:48  Nexus  
  133  9:49  Stalker x4  
  133  9:50  Stalker x2, Pylon  
  145  9:54  Protoss Ground Weapons Level 1 (Chrono Boost)  
  148  10:00  Disruptor (Chrono Boost)  
  148  10:01  Protoss Ground Armor Level 3 (Chrono Boost)  
  147  10:09  Robotics Facility  
  147  10:23  Adept x3  
  147  10:24  Adept  
  155  10:30  Disruptor (Chrono Boost)  
  158  10:37  Photon Cannon  
  158  10:41  Photon Cannon  
  148  10:51  Adept  
  148  10:52  Adept x6  
  162  11:03  Disruptor x2  
  167  11:08  Adept x2  
  171  11:17  Assimilator  
  171  11:21  Photon Cannon  
  171  11:22  Assimilator  
  171  11:23  Photon Cannon  
  171  11:26  High Templar x4  
  171  11:31  Archon x2  
  177  11:49  Disruptor x2  
  177  11:52  Protoss Ground Weapons Level 2 (Chrono Boost)  
  182  12:02  Adept x2  
  182  12:06  Photon Cannon  
  186  12:08  Photon Cannon  
  186  12:18  Adept x5  
  188  12:25  Observer  
  188  12:28  Adept x2  
  183  12:41  Adept x2, Assimilator  
  183  12:42  Adept x3  
  183  12:43  Pylon  
  187  12:46  Pylon  
  187  12:49  Pylon  
  174  13:07  Adept x5  
  182  13:18  Adept  
  182  13:19  Adept x4  
  190  13:26  Nexus  
  135  13:47  Probe x3  
  135  13:48  Probe  
  111  14:00  Observer  
  106  14:05  Stalker x3  
  106  14:06  Stalker x5  
  106  14:07  Stalker  
  118  14:22  Dark Shrine  
  116  14:24  Disruptor  
  116  14:25  Disruptor  
  122  14:37  Probe, Nexus  
  122  14:38  Probe  
  124  15:05  High Templar x2  
  124  15:06  High Templar x2  
  124  15:07  High Templar x4  
  134  15:08  High Templar  
  134  15:09  High Templar  
  134  15:10  Archon x2  
  134  15:11  Archon  
  134  15:12  Archon  
  134  15:13  Archon  
Show
View Real Time Build Order
Export as new Build Order

xKawaiian Terran - Winner!

Build Orders: Reaper Expand, MMM Bio 

Get SALT Encoding   

  12  0:01  SCV  
  13  0:13  SCV  
  14  0:18  Supply Depot  
  14  0:25  SCV  
  15  0:39  SCV  
  15  0:41  Barracks  
  16  0:46  Refinery  
  16  0:51  SCV  
  17  1:03  SCV  
  18  1:15  SCV  
  19  1:29  Reaper, Orbital Command  
  20  1:41  Command Center  
  20  1:51  Supply Depot  
  20  1:54  SCV  
  21  2:03  Barracks Reactor, Barracks  
  21  2:15  SCV  
  21  2:17  Barracks  
  22  2:28  SCV  
  23  2:40  SCV  
  23  2:41  Marine x2  
  26  2:52  SCV, Barracks Tech Lab  
  26  2:54  Orbital Command  
  27  3:03  Engineering Bay  
  27  3:04  SCV  
  27  3:05  Marine x3  
  31  3:13  Supply Depot  
  31  3:16  SCV, Stimpack  
  31  3:18  Marine  
  33  3:20  SCV  
  33  3:24  Marine x2  
  36  3:27  Marine  
  36  3:28  SCV  
  36  3:30  Missile Turret  
  36  3:32  SCV  
  39  3:37  Factory  
  39  3:40  Marine  
  40  3:42  Marine  
  40  3:43  SCV  
  40  3:44  SCV  
  40  3:47  Refinery  
  43  3:52  Marine  
  43  3:54  Marine  
  43  3:55  SCV  
  46  3:56  SCV  
  46  4:01  Marine x2  
  49  4:07  SCV  
  50  4:14  SCV  
  51  4:19  SCV  
  51  4:22  Factory Reactor  
  51  4:23  Barracks Tech Lab, Starport  
  52  4:26  SCV, Supply Depot  
  52  4:28  Marine  
  54  4:34  Supply Depot  
  54  4:42  Terran Infantry Weapons Level 1, SCV  
  54  4:48  SCV, Marauder  
  54  4:49  Supply Depot  
  54  4:50  Marauder  
  54  4:51  Supply Depot  
  59  4:54  SCV  
  59  4:56  Marine  
  61  5:00  SCV  
  61  5:04  Barracks  
  61  5:06  SCV  
  63  5:08  Medivac  
  63  5:10  Marauder  
  63  5:11  Barracks  
  63  5:12  SCV  
  63  5:14  Refinery  
  68  5:15  Marauder  
  68  5:20  SCV  
  71  5:23  Refinery, Factory Reactor  
  71  5:25  Marine  
  71  5:27  SCV  
  73  5:31  Marauder  
  75  5:35  Marine  
  75  5:36  Marine  
  75  5:39  Combat Shields  
  76  5:43  Marine  
  77  5:52  Barracks Tech Lab  
  77  5:53  Marine  
  82  5:58  Command Center  
  82  5:59  Marauder  
  82  6:02  Armory  
  80  6:04  Engineering Bay  
  80  6:05  Barracks Tech Lab  
  80  6:06  Marauder, Marine  
  80  6:10  SCV x2  
  85  6:15  Marine  
  86  6:18  Supply Depot  
  86  6:19  Supply Depot  
  86  6:21  Supply Depot  
  86  6:22  Supply Depot  
  86  6:24  Supply Depot  
  86  6:37  SCV  
  86  6:39  Marine  
  86  6:40  Marauder x2, Medivac  
  90  6:48  Marine  
  90  6:49  Marauder x2  
  92  6:55  SCV, Widow Mine x2  
  92  6:57  Marine  
  92  7:00  Medivac  
  92  7:01  Marine  
  98  7:02  Marauder  
  98  7:06  Marine  
  100  7:10  Marauder, Marine  
  100  7:14  Medivac  
  100  7:15  Marine  
  99  7:19  Marauder  
  99  7:22  Marine  
  101  7:24  Marine  
  101  7:29  Marauder  
  105  7:30  Medivac  
  105  7:31  Marine  
  105  7:33  Marine  
  109  7:40  Marine, Orbital Command  
  109  7:41  Marauder  
  112  7:44  Medivac  
  112  7:45  Terran Infantry Weapons Level 2  
  112  7:47  SCV x2  
  116  7:58  Missile Turret  
  116  7:59  SCV x2  
  116  8:00  Medivac  
  116  8:02  Supply Depot  
  116  8:03  Supply Depot  
  120  8:06  Terran Infantry Armor Level 1  
  120  8:11  SCV  
  121  8:13  Concussive Shells, Marine  
  121  8:14  Medivac  
  121  8:16  Command Center  
  124  8:22  Supply Depot, SCV x2  
  124  8:24  Refinery  
  124  8:25  Refinery, Marine  
  124  8:26  Marauder, Marine  
  130  8:27  Marine  
  130  8:28  Marine  
  130  8:30  Medivac  
  130  8:31  Marine  
  135  8:43  Marine  
  135  8:44  Medivac, Marauder  
  135  8:45  Marine  
  135  8:46  Marauder  
  135  8:47  Marine  
  143  8:49  Marine  
  144  9:00  Medivac  
  144  9:01  Marine  
  139  9:04  Marauder  
  139  9:05  Marauder, Marine  
  139  9:06  Marine  
  139  9:08  Marauder  
  143  9:14  Medivac  
  136  9:19  Widow Mine, Marine  
  136  9:20  Widow Mine  
  136  9:23  Marauder  
  130  9:24  Marine  
  130  9:25  Marauder  
  130  9:26  Marauder  
  130  9:28  Marine  
  130  9:30  Medivac  
  130  9:37  Marine  
  115  9:38  Barracks  
  115  9:39  Barracks  
  115  9:42  Marine  
  115  9:44  Marauder, Medivac  
  108  9:46  Marauder  
  108  9:47  Marauder  
  108  9:48  Widow Mine x2  
  108  9:52  Supply Depot  
  110  10:00  Liberator  
  110  10:01  Marauder, Marine  
  110  10:02  Supply Depot  
  110  10:04  Marine  
  110  10:06  Terran Infantry Armor Level 2, Terran Infantry Weapons Level 3, Marauder  
  116  10:07  Marine  
  116  10:08  Marauder  
  122  10:24  Marine x3  
  122  10:25  Marauder  
  122  10:26  Barracks Reactor, Missile Turret  
  127  10:29  Marauder  
  127  10:35  Marauder, Marine  
  132  10:40  Planetary Fortress  
  132  10:42  SCV x3, Marine x2  
  136  10:44  Barracks Tech Lab  
  137  10:51  Marine  
  137  10:52  Marauder  
  137  10:54  SCV  
  137  10:56  Liberator  
  137  10:57  Liberator  
  141  11:11  Marine x3  
  141  11:12  Marauder x3, Widow Mine x2, Marine x2  
  141  11:13  Marauder  
  164  11:29  Marine x2  
  164  11:30  Marauder, Marine x2  
  170  11:33  Marauder x2, Marine  
  170  11:34  Marine  
  164  11:41  Widow Mine x2  
  164  11:46  Liberator  
  164  11:47  Marine x2  
  164  11:51  Marauder  
  164  11:52  Marauder  
  170  11:56  Marine  
  170  11:57  Marauder  
  170  11:59  Marine  
  170  12:00  Marauder x2  
  170  12:01  Command Center  
  180  12:06  Terran Vehicle And Ship Armor Level 1  
  181  12:09  SCV, Widow Mine  
  181  12:10  Marine x2  
  181  12:12  Marine  
  181  12:13  Widow Mine, Marauder  
  181  12:14  Marine  
  189  12:20  Marauder, Marine  
  189  12:21  Marine  
  187  12:28  Medivac, Marine x2  
  180  12:31  Marauder  
  180  12:34  Marauder  
  176  12:38  Widow Mine  
  176  12:39  Marauder  
  176  12:41  Widow Mine  
  176  12:42  Marauder  
  176  12:44  SCV, Marine  
  185  12:46  Marauder  
  187  12:52  Marine  
  187  12:53  Marauder  
  187  12:58  Marauder, Marine x2  
  192  13:02  Marine x2  
  192  13:03  Marauder  
  194  13:06  Widow Mine  
  194  13:07  Marine  
  194  13:10  Marine  
  194  13:14  Marine  
  194  13:15  Marine  
  194  13:18  Marine  
  191  13:20  Marine, Widow Mine, Marauder  
  191  13:21  Marauder  
  191  13:24  Marauder  
  191  13:26  Liberator  
  185  13:28  Marauder, Marine  
  185  13:29  Medivac  
  185  13:31  Marine  
  177  13:42  Marauder, Marine x2  
  177  13:43  Marauder  
  177  13:44  Marine  
  153  13:56  Marine  
  153  13:57  Marine, Marauder x2  
  153  14:00  Marine x2  
  153  14:02  Widow Mine, Marine  
  145  14:04  Marauder x2  
  150  14:14  Marine  
  150  14:15  Marauder  
  145  14:17  Marine x2  
  145  14:18  Marauder, Marine  
  145  14:20  Liberator x2, Marine  
  149  14:25  Marauder x2  
  149  14:28  Missile Turret  
  149  14:30  Planetary Fortress  
  153  14:32  Marine  
  153  14:35  Marine  
  153  14:36  Marauder, Marine  
  153  14:37  Marine, Marauder  
  164  14:40  Marauder  
  166  14:46  Marauder  
  168  15:01  Marauder x2, Marine x4  
  168  15:02  Marauder x2  
  168  15:03  Widow Mine  
  142  15:07  Marine  
  143  15:18  Marine  
  143  15:19  Marine x3  
  153  15:23  Marauder x3  
  148  15:28  Marine  
  148  15:29  Marauder  
Tags
 
Add a new tag
Caveats
  • Supply blocks, unpowered buildings, or Contaminate may cause inaccurate times.
  • Supply counts are checked every 10 seconds.